 Dungeon Crawl Stone Soup version 0.29.1 (webtiles) character file.

Game seed: 16380793422637407091

346 greasedhog the Trooper (level 6, -3/51 HPs)
             Began as a Formicid Fighter on Sept 14, 2022.
             Was a Believer of Uskayaw.
             Slain by Eustachio
             ... wielding a +0 rapier
              (10 damage)
             ... on level 4 of the Dungeon.
             The game lasted 00:04:10 (3382 turns).

greasedhog the Trooper (Formicid Fighter)           Turns: 3382, Time: 00:04:11

Health: -3/51      AC: 10    Str: 27    XL:     6   Next: 90%
Magic:  2/6        EV:  8    Int:  6    God:    Uskayaw [**....]
Gold:   166        SH:  5    Dex: 12    Spells: 5/5 levels left

rFire   . . .      SeeInvis +   a - +0 war axe
rCold   . . .      Faith    .   c - +0 buckler
rNeg    . . .      Spirit   .   l - +0 chain mail
rPois   .          Reflect  .   (helmet unavailable)
rElec   .          Harm     .   p - +0 cloak
rCorr   .          Rampage  .   (no gloves)
Will    .....                   (no boots)
Stlth   ..........              (no amulet)
HPRegen 0.17/turn               (no ring)
MPRegen 0.10/turn               (no ring)

@: flying, unable to read
A: permanent stasis, dig shafts and tunnels, antennae 3, four strong arms,
strong 1, inability to read after injury 1
a: Dig, Shaft Self, Renounce Religion, Stomp, Line Pass


You were on level 4 of the Dungeon.
You worshipped Uskayaw.
Uskayaw was noncommittal.
You visited 1 branch of the dungeon, and saw 4 of its levels.

You collected 190 gold pieces.
You spent 24 gold pieces at shops.

Inventory:

Hand Weapons
 a - a +0 war axe (weapon)
Armour
 c - a +0 buckler (worn)
 l - a +0 chain mail (worn)
 p - a +0 cloak (worn)
Wands
 o - a wand of charming (9)
 q - a wand of flame (17)
Scrolls
 f - 3 scrolls of immolation
 g - 2 scrolls of poison
 h - a scroll of summoning {unknown}
 i - a scroll of torment
 m - a scroll of magic mapping {unknown}
 r - a scroll of noise {unknown}
 s - a scroll of teleportation {unknown}
Potions
 b - a potion of flight
 d - 3 potions of might
 e - 3 potions of mutation
 j - 2 potions of curing {unknown}
 k - a potion of degeneration {unknown}
 n - 3 potions of heal wounds {unknown}
 t - a potion of cancellation {unknown}


   Skills:
 - Level 5.1 Fighting
 * Level 4.9 Axes
 * Level 4.5 Armour
 - Level 4.0 Shields


You had 5 spell levels left.
You didn't know any spells.
Your spell library was empty.

Dungeon Overview and Level Annotations

Branches:
Dungeon (4/15)
 Temple: D:4-7

Altars:
Elyvilon
Hepliaklqana
Uskayaw
Zin
The Shining One

Shops:
D:1 ?

Annotations:
D:4 Eustachio


Innate Abilities, Weirdness & Mutations

You cannot be hasted, slowed, berserked, paralysed or teleported.
You can dig through walls and to a lower floor.
You have a pair of large antennae on your head. (SInv)
Your four strong arms can wield two-handed weapons with a shield.
Your muscles are strong. (Str +4, Int/Dex -1)
You occasionally lose the ability to read scrolls when taking damage.


Message History

The bat's corpse disappears in a puff of smoke!
Eustachio hits you with a +0 rapier.
You slash Eustachio!
Eustachio is heavily wounded.
Eustachio hits you with a +0 rapier!
You miss Eustachio.
Eustachio is heavily wounded.
Eustachio hits you with a +0 rapier.
Unknown command.
You barely miss Eustachio.
Eustachio is heavily wounded.
Eustachio hits you with a +0 rapier!
* * * LOW HITPOINT WARNING * * *
Eustachio hits you but does no damage.
Unknown command.
Aiming: Line Pass
Press: ? - help, Dir - move target Eustachio appears confused.
You can no longer pass through a line of other dancers.
Unknown command.
You hit Eustachio.
Eustachio is heavily wounded.
You can now pass through a line of other dancers.
Eustachio seems less confused.
Eustachio hits you with a +0 rapier!
* * * LOW HITPOINT WARNING * * *
You hit Eustachio.
Eustachio is severely wounded.
Eustachio gestures wildly while chanting.
Eustachio blinks!
It was a potion of flight.
You feel very buoyant.
You fly up into the air.
Eustachio mumbles some strange words.
Eustachio blinks!
It was a potion of mutation.
You feel extremely strange.
You feel stronger.
You occasionally lose the ability to read scrolls when taking damage.
Eustachio hits you with a +0 rapier!
You feel threatened and lose the ability to read scrolls!
You die...

...# ##.#...... ...#
###.......## ...# #..........#
...## #..........# .#
....###..........# #.#
.............ยง...# ....
.................## #####....
.....###.###......####........
....####+####...@@##..........
..............................
....##.....##...##.##.........
.....+.._..+.(..##.#.[...?....
....##.... ##..###.#..........
....##.. #..# #............
....#.# # #..# #............
##....##.###...# #............
##.............# #[..........#


You could see Eustachio (strong).

Vanquished Creatures
  A bullfrog (D:4)
  A necrophage (D:4)
  A crimson imp (D:4)
  A jelly (D:4)
  A hound (D:4)
  An orc wizard (D:3)
  3 adders
  2 worms
  2 dart slugs (D:3)
  5 orcs (D:3)
  5 endoplasms (D:3)
  2 giant cockroaches
  4 hobgoblins
  6 jackals (D:1)
  2 quokkas
  7 ball pythons
  4 bats (D:1)
  3 frilled lizards
  4 goblins
  A goblin zombie (D:4)
  A hobgoblin zombie (D:4)
  4 kobolds
  2 kobold skeletons (D:4)
  2 kobold zombies (D:4)
  2 orc zombies (D:4)
  6 rats
73 creatures vanquished.

Vanquished Creatures (others)
  A withered plant (D:1)
1 creature vanquished.

Grand Total: 74 creatures vanquished

Notes
Turn   | Place    | Note
-------+----------+-------------------------------------------
     0 | D:1      | greasedhog the Formicid Fighter began the quest for the
                  | Orb.
     0 | D:1      | Reached XP level 1. HP: 18/18 MP: 1/1
   145 | D:1      | Found Awalop's Magic Scroll Shop.
   158 | D:1      | Reached XP level 2. HP: 22/24 MP: 2/2
   185 | D:1      | Bought a scroll of identify for 24 gold pieces
   216 | D:1      | Found a faded altar of an unknown god.
   228 | D:1      | Prayed at the altar of an unknown god.
   228 | D:1      | Became a worshipper of Uskayaw the Reveller
   228 | D:1      | Reached * piety under Uskayaw
   261 | D:1      | Reached ** piety under Uskayaw
   263 | D:1      | Reached *** piety under Uskayaw
   600 | D:1      | Reached XP level 3. HP: 30/30 MP: 3/3
   773 | D:2      | Reached skill level 4 in Fighting
  1479 | D:2      | Identified the +1 robe of Theory {rElec}
  1557 | D:2      | Reached XP level 4. HP: 24/38 MP: 4/4
  1960 | D:3      | Found a glowing silver altar of Zin.
  2081 | D:3      | Found a white marble altar of Elyvilon.
  2272 | D:3      | Reached XP level 5. HP: 38/43 MP: 1/5
  2329 | D:3      | Noticed a +0 dagger
  2331 | D:3      | Noticed a +0 dagger
  2331 | D:3      | Noticed a +0 falchion
  2331 | D:3      | Noticed a +0 spear
  2335 | D:3      | Noticed a +0 short sword
  2337 | D:3      | Noticed a +0 short sword
  2337 | D:3      | Noticed a +0 spear
  2337 | D:3      | Noticed a +0 falchion
  2474 | D:3      | Found a hide-covered altar of Uskayaw.
  2578 | D:3      | Found a faded altar of an unknown god.
  2579 | D:3      | Found a faded altar of an unknown god.
  2581 | D:3      | Found a faded altar of an unknown god.
  2581 | D:3      | Found a hazy altar of Hepliaklqana.
  2981 | D:4      | Reached skill level 5 in Fighting
  2992 | D:4      | Found a glowing golden altar of the Shining One.
  3023 | D:4      | Reached **** piety under Uskayaw
  3024 | D:4      | Reached XP level 6. HP: 49/51 MP: 3/6
  3358 | D:4      | Noticed Eustachio
  3382 | D:4      | Gained mutation: Your muscles are strong. (Str +4, Int/Dex
                  | -1) [potion of mutation]
  3382 | D:4      | Gained mutation: You occasionally lose the ability to read
                  | scrolls when taking damage. [potion of mutation]
  3382 | D:4      | Slain by Eustachio

Illustrated notes

Levels and vault maps discovered:
D:1:      sevenhm_arrival_forest_fort_small_6, layout_rooms, serial_shops, shop,
          ebering_ecumenical_altar_petrified
D:2:      layout_basic
D:3:      layout_rooms, elyvilon_altar_1,
          nicolae_hepliaklqana_ecumenical_no_more, pf_just_have_faith,
          nicolae_uskayaw_en_pointe, kennysheep_cross_bottleneck
D:4:      layout_cave_pods, nzn_wu_jian_contemplation,
          nicolae_tso_besieged_by_evil, uniq_eustachio

Skill      XL: |  1  2  3  4  5  6 |
---------------+-------------------+-----
Fighting       | 4 5 |  5.1
Axes           | 3 4 |  4.9
Armour         | 4 |  4.5
Shields        | |  4.0

Action                   |  1- 3 |  4- 6 || total
-------------------------+-------+-------++-------
Melee: War axe           |   103 |   117 ||   220
Invok: Stomp             |       |     1 ||     1
       Line Pass         |       |     2 ||     2
  Use: Scroll            |     3 |     1 ||     4
       Potion            |       |     2 ||     2
 Stab: Paralysed         |     1 |       ||     1
Armor: Scale mail        |    26 |       ||    26
       Chain mail        |    34 |    65 ||    99
Dodge: Dodged            |    50 |    36 ||    86
Block: Buckler           |    29 |    35 ||    64
